 Dungeon Crawl Stone Soup version 0.22-a0-619-ga0c6fd2 (webtiles) character file.

740 Amnesiac the Magician (level 7, -1/49 HPs)
             Began as a Mummy Wizard on July 14, 2018.
             Shot with a bolt by an orc warrior (3 damage)
             ... in a bailey.
             The game lasted 00:07:52 (3804 turns).

Amnesiac the Magician (Mummy Wizard)                Turns: 3804, Time: 00:07:53

Health: -1/49      AC:  2    Str: 10      XL:     7   Next: 46%
Magic:  1/15       EV: 13    Int: 20      God:
Gold:   215        SH:  4    Dex: 13 (15) Spells: 6/17 levels left

rFire    . . .     SeeInvis +   f - +0 arbalest
rCold    + + .     Gourm    .   (shield currently unavailable)
rNeg     + + +     Faith    .   g - +0 robe
rPois    ∞         Spirit   .   (no helmet)
rElec    .         Reflect  +   n - scarf {rC+ rF+}
rCorr    .         Harm     .   (no gloves)
MR       .....                  (no boots)
Stlth    ++........             d - +4 amulet of reflection
HPRegen  0.16/turn              p - +5 ring of dexterity
MPRegen  0.14/turn              e - ring of see invisible

@: very slightly contaminated
A: no food or potions, fire vulnerability, cold resistance 1, negative energy
resistance 3, torment resistance, unbreathing
a: no special abilities


You were in a bailey.
You were not hungry.

You visited 1 branch of the dungeon, and saw 6 of its levels.
You also visited: Sewer and Bailey.

You collected 215 gold pieces.

Inventory:

Hand Weapons
 a - a +2 dagger of electrocution
 f - a +0 arbalest (weapon)
Missiles
 b - 83 stones
 o - 10 bolts (quivered)
Armour
 g - a +0 robe (worn)
 n - a scarf of resistance (worn)
Magical Staves
 i - an uncursed staff of power
Jewellery
 d - a +4 amulet of reflection (around neck)
 e - a ring of see invisible (right hand)
 p - a +5 ring of dexterity (left hand)
Scrolls
 c - 2 scrolls of identify {!r}
 h - 2 scrolls of teleportation {!r}
 j - a scroll of fear {!r}
 k - a scroll of blinking {!r}
 l - 3 scrolls of magic mapping {!r}
 m - 2 scrolls of amnesia {!r}


   Skills:
 + Level 1.8 Fighting
 * Level 2.9 Dodging
 - Level 1.5 Stealth
 - Level 5.5 Spellcasting
 - Level 5.5 Conjurations
 - Level 0.7 Summonings
 - Level 0.7 Translocations


You had 6 spell levels left.
You knew the following spells:

 Your Spells              Type           Power        Failure   Level  Hunger
a - Magic Dart            Conj           ####         1%          1    N/A
b - Call Imp              Summ           #.......     12%         2    N/A
e - Mephitic Cloud        Conj/Pois/Air  ##......     16%         3    N/A
s - Conjure Flame         Conj/Fire      ###.....     11%         3    N/A
v - Blink                 Tloc           N/A          12%         2    N/A

Your spell library contained the following spells:

 Spells                   Type           Power        Failure   Level  Hunger
 Apportation              Tloc           #.....       9%          1    N/A
 Slow                     Hex            #.......     17%         2    N/A
 Summon Small Mammal      Summ           #...         9%          1    N/A
 Animate Skeleton         Necr           N/A          11%         1    N/A
 Confusing Touch          Hex            #.....       11%         1    N/A

Dungeon Overview and Level Annotations

Branches:
Dungeon (8/15)
 Temple: D:4-7         Lair: D:8-11

Altars:
Cheibriados
Nemelex Xobeh
Okawaru
Ru

Shops:
D:4 :   D:8 *

Annotations:
D:3 1 transporter
D:8 Pawles22's ghost, novice TrEE


Innate Abilities, Weirdness & Mutations

You do not eat or drink.
Your flesh is vulnerable to fire.
You are immune to poison.
Your flesh is cold resistant. (rC+)
You are immune to negative energy. (rN+++)
You are immune to unholy pain and torment.
You can survive without breathing.


Message History

The orc shoots a bolt.
The bolt closely misses you.
You see here a bolt.
The orc shoots a bolt.
The bolt barely misses you.
The orc shoots a bolt.
The bolt closely misses you.
You see here a bolt.
Casting: Mephitic Cloud (safe; 16% risk of failure)
Confirm with . or Enter, or press ? or * to list all spells.
You blink.
An orc comes into view. It is wielding an arbalest.
Firing (i - inventory. (/) - cycle)
o - 11 bolts (quivered)
Press: ? - help, Shift-Dir - straight line, f - orc
Aim: an orc, wielding an arbalest and wearing a ring mail You shoot a bolt.
The bolt hits the orc!
You kill the orc!
You hear a splash. x4
Unknown command.
You start resting.
The orc warrior is too close now for your liking.
Casting: Blink (safe; 12% risk of failure)
Confirm with . or Enter, or press ? or * to list all spells.
You blink.
Splash!
You fall into the shallow water.
Moving in this stuff is going to be slow.
The orc warrior shoots a bolt.
The bolt hits you!
* * * LOW HITPOINT WARNING * * *
You hear a splash.
Casting: Blink (safe; 12% risk of failure)
Confirm with . or Enter, or press ? or * to list all spells.
You can't see any susceptible monsters within range! (Use Z to cast anyway.)
Casting: Blink (safe; 12% risk of failure)
Confirm with . or Enter, or press ? or * to list all spells.
You blink.
Splash!
The orc shoots a bolt.
The bolt closely misses you.
You hear a splash.
Casting: Blink (safe; 12% risk of failure)
Confirm with . or Enter, or press ? or * to list all spells.
Aiming: Mephitic Cloud (safe; 16% risk of failure)
Press: ? - help, Shift-Dir - straight line, f - orc
Aim: an orc, wielding an arbalest and wearing a ring mail You miscast Mephitic Cloud.
You feel faint for a moment.
Casting: Mephitic Cloud (safe; 16% risk of failure)
Confirm with . or Enter, or press ? or * to list all spells.
Aiming: Mephitic Cloud (safe; 16% risk of failure)
Press: ? - help, Shift-Dir - straight line, f/p - orc
Aim: an orc, wielding an arbalest and wearing a ring mail The ball explodes into a vile cloud!
The stinking cloud engulfs the orc. x2
The orc warrior shoots a bolt.
The bolt hits you!!
* * * LOW HITPOINT WARNING * * *
The orc is engulfed in noxious fumes.
The orc appears confused.
The orc unwields an uncursed arbalest.
The orc hits the orc but does no damage.
The orc is engulfed in noxious fumes.
The orc appears confused.
Casting: Mephitic Cloud (safe; 16% risk of failure)
Confirm with . or Enter, or press ? or * to list all spells.
You blink.
Splash!
The orc warrior shoots a bolt.
The bolt barely misses you.
You hear a splash.
Casting: Blink (safe; 12% risk of failure)
Confirm with . or Enter, or press ? or * to list all spells.
You blink.
The orc warrior shoots a bolt.
The bolt hits you.
You die...

#......≈≈≈≈≈≈≈≈≈##
#.....o≈≈≈≈≈≈≈≈##
#......≈≈≈≈≈≈≈≈#
#.o....≈≈§≈≈≈≈##
#......≈≈≈≈≈≈≈#
#......≈≈≈≈≈≈≈#
#......≈≈≈)≈((#
#......(≈≈≈≈≈(#
#....@.≈≈≈≈≈≈≈##≈
#......≈≈§≈≈≈≈≈≈≈
#......≈≈≈≈≈≈≈≈≈≈
#......≈≈≈≈≈≈≈≈≈≈
#......≈≈#)#≈≈≈≈≈≈
#......≈##.∩#≈≈≈≈≈≈
#......≈..^.)≈)≈≈≈≈≈
#......≈##.## ≈≈≈
#......≈≈ .# ≈≈


You could see an orc warrior and an orc (confused).

Vanquished Creatures
  Purgy (Sewer)
  2 orc warriors (Bailey)
  An ogre (D:5)
  A howler monkey (D:4)
  2 hounds
  4 worker ants
  A killer bee zombie (D:8)
  5 adders
  A howler monkey skeleton (D:5)
  A shadow imp (D:8)
  3 ufetubi (D:8)
  An adder skeleton (D:5)
  4 worms
  3 dart slugs
  2 leopard geckos (D:2)
  13 orcs
  5 ball pythons
  2 bats (D:2)
  4 giant cockroaches
  3 hobgoblins (D:2)
  3 kobolds
  2 quokkas
  4 frilled lizards
  7 goblins
  A leopard gecko skeleton (D:4)
  A quokka skeleton (D:5)
  7 rats
84 creatures vanquished.

Notes
Turn   | Place    | Note
-------+----------+-------------------------------------------
     0 | D:1      | Amnesiac the Mummy Wizard began the quest for the Orb.
     0 | D:1      | Reached XP level 1. HP: 13/13 MP: 5/5
    60 | D:1      | Reached skill level 1 in Conjurations
   366 | D:1      | Reached XP level 2. HP: 7/19 MP: 7/7
   370 | D:1      | Learned a level 2 spell: Call Imp
  1044 | D:2      | Reached XP level 3. HP: 21/24 MP: 6/8
  1049 | D:2      | Learned a level 3 spell: Conjure Flame
  1053 | D:2      | Learned a level 3 spell: Mephitic Cloud
  1100 | D:2      | Found an iron altar of Okawaru.
  1466 | D:3      | Found a transporter.
  1631 | D:4      | Found Roorhem's Book Shop.
  1745 | D:4      | Reached XP level 4. HP: 19/30 MP: 0/10
  1785 | D:4      | Learned a level 2 spell: Blink
  1893 | D:4      | Found a snail-covered altar of Cheibriados.
  1893 | D:4      | Found a sparkling altar of Nemelex Xobeh.
  1941 | D:4      | Found a glowing drain.
  1953 | Sewer    | Entered a sewer
  2114 | Sewer    | Noticed Purgy
  2117 | Sewer    | Killed Purgy
  2117 | Sewer    | Reached XP level 5. HP: 35/35 MP: 11/11
  2590 | D:5      | Entered Level 5 of the Dungeon
  2599 | D:5      | Noticed an ogre
  2614 | D:5      | Killed an ogre
  2614 | D:5      | Reached skill level 5 in Conjurations
  2614 | D:5      | Reached XP level 6. HP: 41/41 MP: 12/12
  2812 | D:5      | Reached skill level 5 in Spellcasting
  2895 | D:5      | Found a sacrificial altar of Ru.
  3106 | D:5      | You fall through a shaft for 3 floors!
  3106 | D:8      | Found an iron altar of Okawaru.
  3112 | D:8      | Noticed a two-headed ogre
  3127 | D:8      | Found a transporter.
  3131 | D:8      | Found Inne Rai's General Store.
  3134 | D:8      | Noticed Pawles22's ghost (novice TrEE)
  3135 | D:8      | Found a transporter.
  3143 | D:8      | Noticed a two-headed ogre
  3195 | D:8      | Reached XP level 7. HP: 26/47 MP: 15/15
  3228 | D:8      | Found a flagged portal.
  3358 | Bailey   | Entered a bailey
  3375 | Bailey   | Reached skill level 1 in Fighting
  3802 | Bailey   | HP: 1/49 [orc warrior/bolt (19)]
  3804 | Bailey   | Shot with a bolt by an orc warrior

Vault maps used:
D:1:      dpeg_arrival_stone_temple_mockup
D:2:      nicolae_overflow_crystal_walls
D:3:      gammafunk_steamed_eel, uniq_sigmund, uniq_ijyb
D:4:      gammafunk_temple_overflow_statue, serial_glass, glass_columns_a,
          glass_columns_a, portal_sewer_entry_a, first_ration, serial_shops,
          nicolae_shop_statue_plus
D:5:      nicolae_ru_path_of_blood
D:8:      gammafunk_ghost_stat_death, serial_shops, shop, enter_bailey_3,
          serial_ice, serial_ice_e, serial_ice_c, serial_ice_o, serial_ice_d,
          okawaru_metal_pillars_3
Sewer:    sewer_co_purgy_island
Bailey:   bailey_polearm_2, bailey

Skill      XL: |  1  2  3  4  5  6  7 |
---------------+----------------------+-----
Conjurations   | 1 2 3 4 5 |  5.5
Spellcasting   | 5 |  5.5
Dodging        | 2 |  2.9
Fighting       | 1 |  1.8
Stealth        | |  1.5
Summonings     | |  0.7
Translocations | |  0.7

Action                   |  1- 3 |  4- 6 |  7- 9 || total
-------------------------+-------+-------+-------++-------
Melee: Spear             |    68 |       |       ||    68
       Unarmed           |     4 |       |       ||     4
       Dagger            |    21 |       |       ||    21
       Staff             |       |     1 |       ||     1
 Fire: Arbalest          |       |       |     4 ||     4
 Cast: Magic Dart        |    63 |   129 |    38 ||   230
       Mephitic Cloud    |     1 |     3 |     5 ||     9
       Conjure Flame     |       |     2 |       ||     2
       Blink             |       |     1 |     6 ||     7
  Use: Scroll            |       |     7 |       ||     7
 Stab: Sleeping          |     1 |       |       ||     1
       Confused          |       |     1 |       ||     1
Armor: Robe              |    11 |     8 |     1 ||    20
Dodge: Dodged            |    39 |    28 |    16 ||    83
Block: Other             |     2 |     7 |     1 ||    10
       Reflection        |       |       |     1 ||     1

Table legend:
 A = Spawn XP
 B = Non-spawn XP
 C = Spawn XP percentage of total XP
 D = Spawn monster count
 E = Non-spawn monster count
 F = Spawn count percentage of total count
 G = Total turns spent on level
                    A         B        C        D         E        F      G
               +---------+---------+-------+---------+---------+-------+---------
         Total |       0 |    1058 |   0.0 |       0 |      84 |   0.0 |  3804
               +---------+---------+-------+---------+---------+-------+---------
           D:1 |       0 |      12 |   0.0 |       0 |       4 |   0.0 |   496
           D:2 |       0 |      35 |   0.0 |       0 |      16 |   0.0 |   759
           D:3 |       0 |      27 |   0.0 |       0 |       7 |   0.0 |   374
           D:4 |       0 |     148 |   0.0 |       0 |      15 |   0.0 |   728
           D:5 |       0 |     333 |   0.0 |       0 |      15 |   0.0 |   516
           D:8 |       0 |      84 |   0.0 |       0 |      10 |   0.0 |   252
         Sewer |       0 |     141 |   0.0 |       0 |       7 |   0.0 |   233
        Bailey |       0 |     278 |   0.0 |       0 |      10 |   0.0 |   446
               +---------+---------+-------+---------+---------+-------+---------
